 Dungeon Crawl Stone Soup version 0.24.0-2-g5b39cebb1c (webtiles) character file.

Game seed: 11209765135582096939, levelgen mode: deterministic

262 Mrkan the Chopper (level 6, -2/55 HPs)
             Began as a Hill Orc Monk on Oct 29, 2019.
             Killed by divine providence
             ... invoked by an orc priest
              (12 damage)
             ... on level 4 of the Dungeon.
             The game lasted 00:05:13 (3562 turns).

Mrkan the Chopper (Hill Orc Monk)                   Turns: 3562, Time: 00:05:14

Health: -2/55      AC:  6    Str: 16    XL:     6   Next: 18%
Magic:  6/6        EV:  8    Int: 10    God:
Gold:   118        SH:  8    Dex: 13    Spells: 5/5 levels left

rFire    . . .     SeeInvis .   a - +0 hand axe
rCold    . . .     Gourm    .   e - +0 shield
rNeg     . . .     Faith    .   m - +0 scale mail (curse)
rPois    .         Spirit   .   (no helmet)
rElec    .         Reflect  .   (no cloak)
rCorr    .         Harm     .   (no gloves)
MR       .....                  (no boots)
Stlth    ..........             (no amulet)
HPRegen  0.18/turn              (no ring)
MPRegen  0.10/turn              (no ring)

@: no status effects
A: no striking features
a: Convert to Beogh


You were on level 4 of the Dungeon.
You were hungry.

You visited 1 branch of the dungeon, and saw 4 of its levels.

You collected 118 gold pieces.

Inventory:

Hand Weapons
 a - a +0 hand axe (weapon)
Armour
 e - a +0 shield (worn)
 m - a cursed +0 scale mail (worn)
Jewellery
 q - a +3 ring of slaying {unknown}
Wands
 j - a wand of flame (26)
Scrolls
 d - 2 scrolls of teleportation {unknown}
 h - 4 scrolls of identify {unknown}
 i - a scroll of blinking {unknown}
 k - a scroll of random uselessness {unknown}
 l - 2 scrolls of magic mapping {unknown}
 n - a scroll of fog {unknown}
 p - a scroll of immolation {unknown}
 r - a scroll of enchant armour {unknown}
 t - 2 scrolls of remove curse {unknown}
Potions
 f - 2 potions of mutation {unknown}
 g - 4 potions of curing
 o - a potion of lignification {unknown}
 s - a potion of might {unknown}
Comestibles
 b - 3 chunks of flesh
 c - 4 rations


   Skills:
 + Level 4.8 Fighting
 * Level 6.4 Axes
 + Level 2.6 Armour
 - Level 2.4 Dodging
 - Level 1.5 Stealth
 + Level 2.5 Shields


You had 5 spell levels left.
You didn't know any spells.
Your spell library was empty.

Dungeon Overview and Level Annotations

Branches:
Dungeon (4/15)
 Temple: D:4-7

Altars:
The Shining One


Message History

The orc priest is moderately wounded.
The orc priest hits you but does no damage.
You barely miss the orc priest.
The orc priest is moderately wounded.
The orc priest calls down the wrath of Beogh upon you.
Beogh smites you!
* * * LOW HITPOINT WARNING * * *
You hit the orc priest.
The orc priest is heavily wounded.
The orc priest mumbles some strange prayers to Beogh against you.
Beogh smites you!
* * * LOW HITPOINT WARNING * * *
You hit the orc priest.
The orc priest is severely wounded.
The orc priest shouts, "Surrender to Beogh and we'll let you live!"
The orc priest barely misses you.
You feel better.
The orc priest invokes the aid of Beogh against you.
Beogh smites you!
You die...

.#..# .#).# .### .....
# .#### #. ## #. #.. #
####..###############.
..
...........oo@........
...
######...############
....#?...............
.............<.......
......!......#######.
..o..........#
..........####
##..........
#.##.#.......


You could see an orc priest and an orc wizard.

Vanquished Creatures
  2 orc priests (D:3)
  An orc wizard (D:3)
  A worker ant (D:4)
  5 adders
  2 oozes
  4 worms
  3 dart slugs
  2 leopard geckos
  8 orcs
  7 bats
  5 giant cockroaches
  9 goblins
  4 hobgoblins
  5 jackals
  5 kobolds
  A quokka (D:3)
  A ball python (D:3)
  2 frilled lizards
  8 rats
75 creatures vanquished.

Notes
Turn   | Place    | Note
-------+----------+-------------------------------------------
     0 | D:1      | Mrkan the Hill Orc Monk began the quest for the Orb.
     0 | D:1      | Reached XP level 1. HP: 19/19 MP: 1/1
   108 | D:1      | Reached XP level 2. HP: 11/27 MP: 2/2
   725 | D:1      | Reached skill level 1 in Armour
   725 | D:1      | Reached skill level 1 in Shields
   876 | D:2      | Reached XP level 3. HP: 33/33 MP: 3/3
  1074 | D:2      | Found a glowing golden altar of the Shining One.
  1204 | D:2      | You fall into a shaft and drop 2 floors!
  1306 | D:4      | Reached skill level 5 in Axes
  1306 | D:4      | Reached XP level 4. HP: 22/40 MP: 4/4
  2258 | D:2      | Reached XP level 5. HP: 36/47 MP: 5/5
  2815 | D:3      | Reached skill level 6 in Axes
  2923 | D:3      | Reached XP level 6. HP: 32/53 MP: 6/6
  3560 | D:4      | HP: 2/55 [orc priest/divine providence (13)]
  3562 | D:4      | Killed from afar by an orc priest

Levels and vault maps discovered:
D:1:      tarquinn_simple_flora_water_b, layout_basic
D:2:      layout_basic, nicolae_overflow_hidden_temple
D:3:      layout_basic, hex_intersection, minmay_cut_off
D:4:      layout_basic

Skill      XL: |  1  2  3  4  5 |
---------------+----------------+-----
Armour         | 1 2 |  2.6
Shields        | 1 2 |  2.5
Fighting       | 4 |  4.8
Axes           | 5 6 |  6.4
Dodging        | |  2.4
Stealth        | |  1.5

Action                   |  1- 3 |  4- 6 || total
-------------------------+-------+-------++-------
Melee: Hand axe          |    91 |   248 ||   339
  Use: Potion            |       |     2 ||     2
 Stab: Sleeping          |     2 |       ||     2
  Eat: Chunk             |     1 |     4 ||     5
       Ration            |       |     1 ||     1
Armor: Robe              |    23 |     2 ||    25
       Scale mail        |       |   100 ||   100
Dodge: Dodged            |    38 |    79 ||   117
Block: Shield            |    36 |    94 ||   130
